[Event "98th Caplin Hastings Masters 2024-25"]
[Site "Hastings"]
[Date "2025.01.01"]
[Round "7.21"]
[White "Lishoy Gengis Paratazham, Dildarav"]
[Black "Lucas, Arthur"]
[Result "0-1"]
[ECO "A87"]
[WhiteElo "2037"]
[BlackElo "2335"]
[Annotator "TA"]
[PlyCount "86"]
[EventDate "2024.12.23"]
[EventType "swiss"]
[EventCountry "ENG"]
[SourceTitle "playchess.com"]
[Source "ChessBase"]
[SourceQuality "1"]
[TimeControl "5400+30"]

1. Nf3 f5 2. g3 Nf6 3. Bg2 g6 4. O-O Bg7 5. c4 O-O 6. Nc3 d6 7. d4 Qe8 8. Re1 e5 9. dxe5 dxe5 10. e4 Nc6 11. Be3 f4 $1 12. gxf4 Nh5 $2 (12... Bg4 $1 $15) 13. Nd5 $16 exf4 (13... Rb8 $16) 14. Bc5 $1 $18 (14. Nxc7 Qf7 $15) 14... Rf7 15. Qb3 $2 (15. e5 $16) 15... b6 (15... Ne5 {keeps more tension.} 16. Ng5 Rd7 17. Bd4 c6) 16. Ba3 Na5 $2 (16... Ne5 $1 $15 {stays ahead.}) 17. Qd3 c6 18. Nc3 ({White must play} 18. Ng5 $1 $16 Rb7 19. e5) 18... Be6 $11 19. b3 Rd8 {[%emt 0:00:16] Prevents e5} 20. Qc2 h6 21. e5 (21. Rad1 {simplifies} Rxd1 22. Rxd1 c5 23. Nb5) 21... Bf5 22. Ne4 g5 (22... c5 $14) 23. Bb2 (23. Rad1 $16 {[%cal Oe5e6] and e6! should not be overlooked} c5 24. e6) 23... c5 $14 24. Rad1 Nc6 (24... Rfd7 $1 $14 25. Rxd7 Qxd7) 25. Qc1 (25. Rxd8 $16 Nxd8 (25... Qxd8 26. Qe2 $16) 26. h3) 25... Bxe4 (25... Nxe5 $2 26. Nxe5 Bxe5 (26... Rxd1 $2 27. Qxd1 Bxe5 28. Nd6 $18) 27. Nd6 Bxd6 28. Rxe8+ Rxe8 29. Rxd6 $18) 26. Rxd8 (26. Rxe4 $11 Rxd1+ 27. Qxd1) 26... Nxd8 $17 27. Rxe4 g4 {[%emt 0:00:42] Prevents Bh3.} 28. Nh4 {[%emt 0:00:00] [#]} (28. Nd2 $142) 28... Ne6 $1 29. Re1 (29. Qd1 $17 {was called for.} f3 30. Bf1) 29... f3 $19 30. Bf1 Qd8 $2 ({Black should try} 30... Nhf4 $19 31. Qc2 Rf8) 31. Ng6 $11 Rd7 32. Qb1 Rf7 {[%emt 0:07:39] Against Qf5} (32... g3 $11 33. hxg3 (33. fxg3 Rd2 $11) 33... Nxg3) 33. Qe4 ({White should try} 33. Bc1 $14) 33... g3 $1 {[%emt 0:00:33] ...gxf2+ is the strong threat.} 34. Qd3 $2 (34. hxg3 Nxg3 35. Qg4 (35. Qd5 $2 Qg5 $19) 35... Nxf1 (35... Qd2 36. Re3 $17) 36. Kxf1 Qd3+ 37. Kg1 Kh7 38. Qxe6 Rf6 $17 (38... Qxg6+ 39. Qxg6+ Kxg6 40. Kh2 $14)) (34. Bc1 $11 gxf2+ 35. Kxf2) 34... Qg5 $19 35. Bc1 gxh2+ $2 (35... gxf2+ $19 36. Kxf2 Qg1+ 37. Kxg1 f2+ 38. Kg2 fxe1=Q (38... fxe1=R 39. Be2 $16) (38... fxe1=N+ $2 39. Kh1 $19)) 36. Kxh2 $15 Nhf4 $40 {[%emt 0:00:33][%mdl 128] Black has some attack. Chess con chili.} 37. Nxf4 $4 (37. Bxf4 $1 $15 Nxf4 38. Nxf4 Qxf4+ 39. Kh3 Bxe5 40. Qg6+ Kf8 41. Qg3 Qxg3+ 42. fxg3) 37... Nxf4 $19 38. Qxf3 {[%emt 0:01:01] [#]} (38. Bxf4 $142 Qh4+ (38... Rxf4 39. Bh3 $15) (38... Qxf4+ 39. Kh3 $17) 39. Kg1 Rxf4 (39... Qxf4 40. Qd8+ Rf8 41. Qd5+ Kh8 42. Bh3 $11) 40. Qd5+ Kh7 41. Bd3+ Kh8 42. Re4) 38... Qh4+ $1 ({Not} 38... Bxe5 39. Bxf4 Rxf4 40. Qd5+ Kf8 41. Rxe5 $15 (41. Qxe5 Rxf2+ 42. Kh3 Rf3+ 43. Kh2 Qxe5+ 44. Rxe5 Rxf1 $17)) 39. Kg1 {[%emt 0:00:16] [#]} Nh3+ $1 40. Qxh3 (40. Bxh3 Rxf3) 40... Qxf2+ 41. Kh1 Qxe1 42. Kh2 Bxe5+ 43. Kg2 Qxf1# 0-1

[Event "98th Caplin Hastings Masters 2024-25"]
[Site "Hastings"]
[Date "2025.01.01"]
[Round "7.22"]
[White "Rida, Ruqayyah"]
[Black "Badacsonyi, Frankie"]
[Result "1/2-1/2"]
[ECO "B33"]
[WhiteElo "2019"]
[BlackElo "2218"]
[Annotator "TA"]
[PlyCount "108"]
[EventDate "2024.12.23"]
[EventType "swiss"]
[EventCountry "ENG"]
[SourceTitle "playchess.com"]
[Source "ChessBase"]
[SourceQuality "1"]
[TimeControl "5400+30"]

1. e4 c5 2. Nf3 Nc6 3. d4 cxd4 4. Nxd4 Nf6 5. Nc3 h5 6. Bc4 e6 7. Bf4 {[%emt 0:00:00] Repels Qc7} Bc5 8. Ndb5 O-O 9. Bc7 Qe7 {[%emt 0:00:17] Strongly threatening ...d5.} 10. Bd6 Bxd6 11. Nxd6 e5 12. Nf5 {[%emt 0:00:00] Prevents Nd4. White has more active pieces.} Qb4 13. Qd3 $2 ({White should play} 13. Bb3 $11) 13... Nd4 $2 (13... Qxb2 14. Rb1 Qa3 15. Qg3 $14) (13... d5 $1 $17 14. Bxd5 Nxd5 (14... Qxb2 15. Rb1 $11) 15. exd5 Bxf5 (15... Qxb2 16. Nh6+ gxh6 17. Rb1 $14) 16. Qxf5 Qxb2) 14. O-O-O $14 Nxf5 15. exf5 d5 16. Bxd5 Qf4+ 17. Qe3 Qxf5 18. f3 {[%emt 0:00:00] Prevents Ng4} Be6 19. Rhe1 (19. Bxb7 $16 Rab8 20. Bd5 (20. Qxa7 $2 {loses.} Qf4+ 21. Kb1 Qb4 $19)) 19... Bxd5 20. Nxd5 Nxd5 21. Rxd5 f6 22. Red1 Rf7 23. Qb3 Kh7 24. Qd3 Qxd3 25. R1xd3 $11 {[%emt 0:00:02][%mdl 4096] Endgame KRR-KRR} Rc7 26. Kd2 Kg6 27. c3 Kf5 28. Ke3 Ke6 29. Rd6+ Ke7 30. f4 exf4+ 31. Kxf4 Re8 32. Kf5 Kf7 33. Rd7+ Re7 34. Rxc7 Rxc7 {[%emt 0:00:07] KR-KR} 35. Ke4 Re7+ 36. Kf3 g5 37. Rd5 Kg6 38. c4 g4+ 39. Kf2 f5 40. Rd8 h4 41. Rg8+ Kf6 42. Rd8 Kg5 43. g3 h3 44. b3 Kf6 45. Rd5 a6 46. Rd8 Ke5 47. Rd1 Rc7 48. Ke3 $1 b5 49. Rd5+ Ke6 50. Rd4 Rc5 51. Kf4 {[%emt 0:00:33][%cal Od4d5] Rd5! would now be deadly.} Re5 $2 (51... Rc7 $11) 52. cxb5 $18 Rxb5 (52... axb5 {was necessary.} 53. Rd8 Rc5) 53. Rc4 a5 {[%emt 0:00:47] [#]} 54. Rc6+ $1 Ke7 1/2-1/2

[Event "98th Caplin Hastings Masters 2024-25"]
[Site "Hastings"]
[Date "2025.01.01"]
[Round "7.23"]
[White "Golding, James"]
[Black "Suez-Panama, Gilles"]
[Result "1-0"]
[ECO "A92"]
[WhiteElo "2203"]
[BlackElo "1979"]
[Annotator "TA"]
[PlyCount "97"]
[EventDate "2024.12.23"]
[EventType "swiss"]
[EventCountry "ENG"]
[SourceTitle "playchess.com"]
[Source "ChessBase"]
[SourceQuality "1"]
[TimeControl "5400+30"]

1. d4 e6 2. c4 d5 3. Nf3 f5 4. g3 Nf6 5. Bg2 Be7 6. O-O Ne4 7. Qc2 Nc6 8. a3 Bf6 {[%emt 0:01:10] White is slightly better.} 9. Rd1 O-O 10. b4 Ne7 11. Ne5 c6 12. e3 Qe8 13. Bb2 Ng6 14. Nd3 h5 {[%emt 0:01:30] [#]} (14... a5 $14) 15. Bf3 (15. h4 $1 $16) 15... Nh8 16. Nc3 g5 17. Ne2 Qg6 18. Bg2 Bd7 19. Rac1 Qg7 20. Qb3 Rae8 21. a4 Kh7 22. b5 Ng6 {[%emt 0:10:12] Prevents Ne5.} 23. Ba3 {[%emt 0:01:10] [#] Strongly threatening f3.} Be7 $1 24. Bxe7 Rxe7 25. f3 (25. cxd5 $16 exd5 26. bxc6 bxc6 27. Rc2) 25... Nd6 $15 26. Nb2 (26. c5 $15 Nc4 27. Nb2) 26... f4 $17 27. e4 {[%emt 0:03:19] Against Nf5} dxe4 28. fxe4 Ref7 {[%emt 0:00:45] aiming for ...f3.} 29. Rf1 g4 $2 (29... cxb5 $17 {Hoping for ...Nxc4.} 30. cxb5 e5 31. dxe5 Nxe5) 30. e5 $2 (30. c5 Nxb5 31. axb5 f3 $17) (30. gxf4 $14 {stays ahead.} Nxf4 31. Nxf4 Rxf4 (31... Qxd4+ $2 32. Kh1 $18) 32. e5 Rxf1+ 33. Rxf1 Rxf1+ 34. Kxf1) 30... f3 $1 31. exd6 fxe2 $4 {[%emt 0:02:57][%mdl 8192] Black cannot hold the game after this.} (31... fxg2 $17 {keeps the pressure on.} 32. Kxg2 Rf3) 32. Rxf7 $18 Rxf7 33. Qe3 c5 $2 (33... e5 34. Nd3 (34. Qxe2 exd4 35. Nd3 cxb5 $18) 34... exd4 35. Qxe2 cxb5) 34. Nd3 ({Weaker is} 34. Bxb7 Qf6 (34... cxd4 $2 {perishes.} 35. Qxe2 Kh8 36. Nd3 $18) (34... Qxd4 $2 35. Qxd4 cxd4 36. c5 $18) 35. Qxe2 Qxd4+ (35... cxd4 $2 {is the wrong capture.} 36. Rf1 $18) 36. Kg2 h4 $18) 34... cxd4 (34... Qxd4 $142 35. Qxd4 cxd4) 35. Qxe2 b6 36. Be4 Kg8 37. Re1 Rf6 38. Qd2 Nf8 39. Ne5 {[%emt 0:01:00] White is clearly winning.} Qh6 (39... Be8 $142 40. Qxd4 Nd7) 40. Qxh6 Rxh6 41. Rf1 {[%emt 0:00:13] Repels Rf6} Be8 42. Bc6 {[%emt 0:00:07] Prevents Nd7.} Bg6 43. Rd1 d3 44. Nxg6 Rxg6 45. Rxd3 Rg7 46. d7 Nxd7 47. Rxd7 Rxd7 48. Bxd7 Kf7 49. Kf2 {[%emt 0:00:12] Weighted Error Value: White=0.25 (precise) /Black=0.48.  Loses game:     	---       	Black=1      Mistake:       	White=4     	Black=5      Inaccurate:     	White=3     	Black=5      OK:         	White=13    	Black=9      Best:        	White=1     	Black=2      Strong:       	---       	Black=2} 1-0

[Event "98th Caplin Hastings Masters 2024-25"]
[Site "Hastings"]
[Date "2025.01.01"]
[Round "7.24"]
[White "Jukes, Sam"]
[Black "Brown, Tom"]
[Result "1/2-1/2"]
[ECO "B15"]
[WhiteElo "1911"]
[BlackElo "1932"]
[Annotator "NA RC"]
[PlyCount "88"]
[EventDate "2024.12.23"]
[EventType "swiss"]
[EventCountry "ENG"]
[SourceTitle "playchess.com"]
[Source "ChessBase"]
[SourceQuality "1"]
[TimeControl "5400+30"]

1. e4 c6 2. d4 d5 3. Nc3 dxe4 4. Nxe4 Nf6 5. Nxf6+ exf6 6. c3 Bd6 7. Bd3 O-O 8. Qc2 Re8+ 9. Ne2 h5 10. O-O h4 11. h3 Nd7 12. Bd2 Nf8 13. Rfe1 Ne6 14. c4 Bc7 15. Rad1 Qd6 16. f4 Nxd4 17. Nxd4 Rxe1+ 18. Rxe1 Qxd4+ 19. Be3 Qd8 20. Rd1 Qe7 21. Qf2 b6 22. Re1 Qd6 23. Bc5 Qxd3 24. Re8+ Kh7 25. Qxh4+ Kg6 26. Rh8 Qb1+ 27. Kh2 Bxf4+ 28. Qxf4 Qf5 29. Qxf5+ Kxf5 30. Bf2 Bb7 31. g4+ Ke4 32. Rxa8 Bxa8 33. c5 b5 34. Kg3 Bb7 35. a3 Bc8 36. h4 f5 37. gxf5 Bxf5 38. Be1 g6 39. Bc3 Be6 40. Bf6 a5 41. Bd8 Kd5 42. Be7 Ke4 43. Bd8 f5 44. Bc7 Bf7 1/2-1/2

[Event "98th Caplin Hastings Masters 2024-25"]
[Site "Hastings"]
[Date "2025.01.01"]
[Round "7.25"]
[White "Saunders, Aron"]
[Black "Ashton, Alannah"]
[Result "1-0"]
[ECO "B51"]
[WhiteElo "2106"]
[BlackElo "1953"]
[Annotator "NA RC"]
[PlyCount "67"]
[EventDate "2024.12.23"]
[EventType "swiss"]
[EventCountry "ENG"]
[SourceTitle "playchess.com"]
[Source "ChessBase"]
[SourceQuality "1"]
[TimeControl "5400+30"]

1. e4 c5 2. Nf3 d6 3. Bb5+ Nd7 4. a4 a6 5. Be2 Ngf6 6. Nc3 b6 7. d4 cxd4 8. Qxd4 g6 9. Bc4 h6 10. Be3 Bg7 11. O-O O-O 12. Qd2 Kh7 13. Rad1 Bb7 14. Bd5 Bxd5 15. exd5 Rc8 16. Qe2 Rxc3 17. bxc3 Ne4 18. Bd4 Bxd4 19. Rxd4 Nxc3 20. Qd3 Nxa4 21. Rxa4 Nc5 22. Qa3 Nxa4 23. Qxa4 Qa8 24. c4 Rc8 25. Re1 Qb7 26. h4 b5 27. cxb5 axb5 28. Qf4 Kg7 29. Qd4+ Kh7 30. h5 Rc4 31. hxg6+ fxg6 32. Qd3 Rf4 33. Re6 Rf6 34. Qe4 1-0

[Event "98th Caplin Hastings Masters 2024-25"]
[Site "Hastings"]
[Date "2025.01.01"]
[Round "7.26"]
[White "Patel, Zain"]
[Black "Sciupokas, Arunas"]
[Result "1/2-1/2"]
[ECO "B00"]
[WhiteElo "2099"]
[BlackElo "1969"]
[Annotator "NA RC"]
[PlyCount "47"]
[EventDate "2024.12.23"]
[EventType "swiss"]
[EventCountry "ENG"]
[SourceTitle "playchess.com"]
[Source "ChessBase"]
[SourceQuality "1"]
[TimeControl "5400+30"]

1. Nf3 Nc6 2. e4 d6 3. d4 Nf6 4. Nc3 Bg4 5. Be2 e6 6. O-O Be7 7. Be3 O-O 8. h3 Bh5 9. a3 Bg6 10. d5 exd5 11. exd5 Ne5 12. Nh4 Nfd7 13. Nxg6 Nxg6 14. Re1 Bg5 15. Bd4 Bf6 16. Bf1 a6 17. Ne4 Bxd4 18. Qxd4 Nde5 19. c4 Nh4 20. Qc3 f5 21. Nd2 f4 22. Kh2 Qg5 23. Ne4 Qg6 24. f3 1/2-1/2

[Event "98th Caplin Hastings Masters 2024-25"]
[Site "Hastings"]
[Date "2025.01.01"]
[Round "7.27"]
[White "Cheng, Louis"]
[Black "Alcindor, Samuel"]
[Result "1-0"]
[ECO "B23"]
[WhiteElo "2087"]
[BlackElo "1927"]
[Annotator "NA RC"]
[PlyCount "65"]
[EventDate "2024.12.23"]
[EventType "swiss"]
[EventCountry "ENG"]
[SourceTitle "playchess.com"]
[Source "ChessBase"]
[SourceQuality "1"]
[TimeControl "5400+30"]

1. e4 c5 2. Nc3 g6 3. d4 cxd4 4. Qxd4 Nf6 5. Be3 Nc6 6. Qd2 Qa5 7. f3 a6 8. Bc4 b5 9. Bb3 d6 10. Nge2 Bd7 11. O-O-O Ne5 12. Kb1 b4 13. Nd5 Nxd5 14. Bxd5 Rc8 15. Bd4 Qc7 16. f4 Bh6 17. h4 Bg4 18. Bb3 O-O 19. h5 gxh5 20. Qe1 Nc4 21. Qg3 e5 22. Rxh5 Bg7 23. Qxg4 exd4 24. Rg5 f6 25. Bxc4+ Kh8 26. Rh5 Qxc4 27. Nxd4 Rc7 28. Qg6 Kg8 29. Rxh7 Rff7 30. Rxg7+ Kf8 31. Rg8+ Ke7 32. Nf5+ Kd7 33. Rxd6# 1-0

[Event "98th Caplin Hastings Masters 2024-25"]
[Site "Hastings"]
[Date "2025.01.01"]
[Round "7.28"]
[White "Zhang, Junyi"]
[Black "Kim, Yegeon"]
[Result "1-0"]
[ECO "B55"]
[WhiteElo "2070"]
[BlackElo "1697"]
[Annotator "NA RC"]
[PlyCount "59"]
[EventDate "2024.12.23"]
[EventType "swiss"]
[EventCountry "ENG"]
[SourceTitle "playchess.com"]
[Source "ChessBase"]
[SourceQuality "1"]
[TimeControl "5400+30"]

1. e4 c5 2. Nf3 d6 3. d4 cxd4 4. Nxd4 Nf6 5. f3 e5 6. Nb3 d5 7. Bg5 d4 8. c3 Nc6 9. cxd4 Bb4+ 10. Bd2 O-O 11. Bxb4 Nxb4 12. Qd2 Nxe4 13. fxe4 Qh4+ 14. Kd1 Bg4+ 15. Be2 exd4 16. Na3 d3 17. Bf3 Nc6 18. Qe3 f5 19. Nd2 Ne5 20. Nac4 Nxc4 21. Nxc4 Rae8 22. Nd2 fxe4 23. Nxe4 Bf5 24. Re1 Re6 25. g3 Qe7 26. Qc5 Re8 27. Qxf5 Qb4 28. Nf6+ gxf6 29. Rxe6 Qa4+ 30. b3 1-0

[Event "98th Caplin Hastings Masters 2024-25"]
[Site "Hastings"]
[Date "2025.01.01"]
[Round "7.29"]
[White "Bharat Kumar, Balahari"]
[Black "Sasikumar, Srivathsan"]
[Result "0-1"]
[ECO "A50"]
[WhiteElo "2063"]
[BlackElo "1904"]
[Annotator "NA RC"]
[PlyCount "86"]
[EventDate "2024.12.23"]
[EventType "swiss"]
[EventCountry "ENG"]
[SourceTitle "playchess.com"]
[Source "ChessBase"]
[SourceQuality "1"]
[TimeControl "5400+30"]

1. d4 Nf6 2. c4 e6 3. Qc2 c5 4. dxc5 Bxc5 5. Nf3 Nc6 6. e3 b6 7. a3 a5 8. Nc3 O-O 9. Be2 Bb7 10. O-O Rc8 11. b3 Bd6 12. Bb2 h6 13. Rad1 Bb8 14. Nb5 d5 15. Qb1 Qe7 16. Qa1 dxc4 17. Bxc4 Rfd8 18. h3 Rxd1 19. Rxd1 Rd8 20. Rc1 Na7 21. Nxa7 Bxf3 22. gxf3 Bxa7 23. f4 Bb8 24. Bd4 Ne4 25. Qb2 e5 26. fxe5 Ng5 27. Bf1 Nf3+ 28. Kh1 Bxe5 29. Bxe5 Nxe5 30. Qc3 Qe6 31. f4 Nf3 32. Qc4 Qxe3 33. Bg2 Nh4 34. Qc7 Re8 35. Qc6 Re6 36. Qc8+ Kh7 37. Qc2+ Rg6 38. Be4 f5 39. Bxf5 Nxf5 40. Rd1 Qf3+ 41. Kh2 Ne3 42. Qd2 Rg2+ 43. Kh1 Qxh3# 0-1

[Event "98th Caplin Hastings Masters 2024-25"]
[Site "Hastings"]
[Date "2025.01.01"]
[Round "7.30"]
[White "Ahn, Sungmin"]
[Black "Burrows, Martin P"]
[Result "1-0"]
[ECO "B23"]
[WhiteElo "1926"]
[BlackElo "2042"]
[Annotator "NA RC"]
[PlyCount "89"]
[EventDate "2024.12.23"]
[EventType "swiss"]
[EventCountry "ENG"]
[SourceTitle "playchess.com"]
[Source "ChessBase"]
[SourceQuality "1"]
[TimeControl "5400+30"]

1. e4 c5 2. Nc3 Nc6 3. Bb5 Nd4 4. Nf3 Nxb5 5. Nxb5 d6 6. d4 Nf6 7. Nc3 cxd4 8. Qxd4 e5 9. Qd3 h6 10. Nd2 Be6 11. Nc4 Rc8 12. Ne3 Be7 13. O-O O-O 14. Bd2 a6 15. a4 Qc7 16. Rfc1 Bc4 17. Nxc4 Qxc4 18. Qf3 Rfd8 19. b3 Qe6 20. Nd5 Nxd5 21. exd5 Qg6 22. c4 f5 23. b4 Rf8 24. Qb3 f4 25. f3 Rf5 26. Ra2 Rg5 27. Be1 e4 28. Re2 e3 29. Qc2 Qf7 30. Qb1 Rf5 31. Rec2 g5 32. Qb3 Kh7 33. Qd3 Rg8 34. g4 fxg3 35. hxg3 Rg6 36. Qxe3 Rxf3 37. Qe4 b6 38. Kg2 g4 39. Rf2 Rxf2+ 40. Bxf2 Bd8 41. Rf1 Qd7 42. Bd4 h5 43. Rf8 Kh6 44. Rh8+ Kg5 45. Qf4# 1-0

[Event "98th Caplin Hastings Masters 2024-25"]
[Site "Hastings"]
[Date "2025.01.01"]
[Round "7.31"]
[White "Pick, Freddie"]
[Black "Chandler, Cliff R"]
[Result "0-1"]
[ECO "A28"]
[WhiteElo "1874"]
[BlackElo "2161"]
[Annotator "TA"]
[PlyCount "66"]
[EventDate "2024.12.23"]
[EventType "swiss"]
[EventCountry "ENG"]
[SourceTitle "playchess.com"]
[Source "ChessBase"]
[SourceQuality "1"]
[TimeControl "5400+30"]

1. c4 e5 2. Nc3 Nc6 3. Nf3 Nf6 4. e3 Be7 5. d4 exd4 6. exd4 d5 7. Bd3 dxc4 8. Bxc4 Bg4 9. d5 Bxf3 10. Qxf3 Ne5 {[%emt 0:05:53][%csl LRc4,LRf3] A dynamic duo of knights.} 11. Qe2 Nxc4 12. Qxc4 O-O 13. O-O a6 14. Bf4 b5 15. Qxc7 {[%emt 0:08:48] Strongly threatening d6.} b4 16. d6 $2 (16. Qxd8 $11 Rfxd8 17. Na4 Nxd5 (17... Rxd5 $2 {is the wrong capture.} 18. Nb6 $18) 18. Bd2) 16... Qxc7 $19 17. dxc7 bxc3 18. bxc3 Nd5 19. Rfe1 Bf6 20. Be5 Bxe5 (20... Nxc3 21. Bxf6 gxf6 22. Rac1 Nxa2 23. Rc4 $15) 21. Rxe5 Nxc7 22. c4 Ne6 23. Rc1 Rfc8 24. Kf1 Rc5 25. Re4 Rac8 26. Ke2 Kf8 27. g3 Ke7 28. Kd3 f5 29. Re2 Rd8+ 30. Kc3 Rdc8 31. Kd3 $1 Kf6 32. h4 Ra5 {[%emt 0:04:05] And now ...Ra3+ would win.} 33. Rb2 Ra3+ 0-1

[Event "98th Caplin Hastings Masters 2024-25"]
[Site "Hastings"]
[Date "2025.01.01"]
[Round "7.32"]
[White "Zhang, Kendrick Botong"]
[Black "Schimnatkowski, Lukas"]
[Result "0-1"]
[ECO "B75"]
[WhiteElo "1979"]
[BlackElo "2221"]
[Annotator "TA"]
[PlyCount "104"]
[EventDate "2024.12.23"]
[EventType "swiss"]
[EventCountry "ENG"]
[SourceTitle "playchess.com"]
[Source "ChessBase"]
[SourceQuality "1"]
[TimeControl "5400+30"]

1. e4 c5 2. Nf3 d6 3. d4 cxd4 4. Nxd4 Nf6 5. Nc3 g6 6. Be3 Bg7 7. f3 a6 8. Qd2 h5 9. O-O-O b5 10. Kb1 Bb7 {[%emt 0:00:50] Against Nd5} 11. h4 Nbd7 12. Nb3 Rc8 13. Qf2 {[%emt 0:11:44] [#]} (13. a4 $11 {remains equal.}) 13... Rxc3 $1 $17 14. bxc3 Qc7 15. Bd3 Qxc3 ({Better is} 15... O-O $1 $17) 16. Bd4 $11 Qc7 17. Qd2 O-O 18. Qc3 (18. Qa5 $11 Qc8 19. Bb2) 18... Qb8 $1 $15 {[%emt 0:01:08][%mdl 1024] Black has compensation.} 19. Rhe1 e5 20. Bf2 d5 21. Bg3 Rc8 22. Qa5 Qa8 23. Re2 (23. Nd2 $17) 23... Kh7 (23... dxe4 $19 24. fxe4 Bxe4 25. Bxe4 Nxe4) 24. Be1 $17 Nf8 (24... dxe4 $17 25. fxe4 Nb8) 25. exd5 ({White should try} 25. a4 $15) 25... Nxd5 26. Be4 Ne6 27. Bxd5 Bxd5 28. Bc3 $2 {[%emt 0:02:01] [#]} (28. Qb6) 28... Bxf3 $1 $19 29. gxf3 Qxf3 30. Qxa6 $2 (30. Ree1 Rxc3 (30... Qxc3 $2 31. Qxc3 Rxc3 32. Rd7 $19) 31. Rf1) 30... Qxe2 31. Re1 Qc4 (31... Rxc3 $2 32. Rxe2 Rf3 33. Re1 $18 (33. Qxb5 Rf1+ 34. Kb2 e4+ 35. c3 Rf4 $18)) 32. Re3 Nf4 {[%emt 0:03:25] and ...Nd5 would now be decisive} 33. Nd2 Qc5 34. Rg3 (34. Ne4 $142 Qc4 (34... Qxe3 35. Ng5+ Kh6 36. Nxf7+ Kh7 37. Ng5+ Kh6 38. Qxc8 $11) 35. Nd6) 34... Ne2 35. Ne4 Nxc3+ 36. Rxc3 Qg1+ 37. Kb2 Rxc3 38. Ng5+ Kg8 39. Kxc3 {[%emt 0:00:29] KQB-KQN. Black is two pawns up.} Qd4+ 40. Kb3 Qc4+ 41. Kb2 e4+ 42. Kc1 Qf1+ 43. Kd2 Qf4+ (43... Qf2+ $142 44. Kd1 Qd4+ (44... Qxh4 $2 45. Qa8+ Bf8 46. Nxe4 $19) 45. Ke1 Qe3+ 46. Kf1 Bd4 (46... Qc1+ $2 47. Ke2 $19) 47. Qa8+ Kg7 48. Nxe4 Qf3+ 49. Ke1 Bc3+ 50. Nxc3 Qxa8 51. Kd1 Qf3+ 52. Ne2 Qd5+ 53. Kc1 Qxa2 54. Kd2 Qd5+ 55. Ke3 Qe6+ (55... Qh1 $2 56. Nd4 $19) 56. Kd3 Qh3+ 57. Kd2 Qxh4 58. Ke3 Qg5+ 59. Kf3 Qg4+ 60. Ke3 h4 61. Nd4 Qg1+ 62. Kd3 h3 63. Nf3 Qf2 64. Ke4 f5+ (64... Qxc2+ $2 65. Ke3 $19) (64... h2 65. Nxh2 Qxh2 66. Kd3 g5 67. c3 Qf4 68. c4 Qxc4+ 69. Ke3 b4 70. Kf2 b3 71. Kg3 b2 72. Kg2 b1=Q 73. Kh3 Qh4+ 74. Kg2 Qbh1#) 65. Kd5 Qxf3+ 66. Ke5 h2 67. Kd4 h1=Q (67... h1=R {is a self mate.} 68. Kc5 Qc3+ 69. Kb6 Re1 70. Ka6 Qc6+ 71. Ka7 Re7+ 72. Kb8 Qe8#) 68. Kc5 Qc3+ 69. Kb6 Qa8 70. Kxb5 Qac6#) 44. Ke2 Qg4+ 45. Ke3 Qxh4 46. Qxb5 (46. Qa8+ $19 Bf8 47. Nxe4) 46... Qe1+ 47. Kf4 Qf2+ 48. Kxe4 f5+ 49. Kd5 Qg2+ ({Worse is} 49... Qxc2 50. Qe8+ Bf8 51. Qf7+ Kh8 52. Qxf8#) 50. Ke6 Qxg5 51. Qe8+ Kh7 52. Kf7 Qf6# 0-1

[Event "98th Caplin Hastings Masters 2024-25"]
[Site "Hastings"]
[Date "2025.01.01"]
[Round "7.33"]
[White "Brewer, Callum D"]
[Black "Rastogi, Nayan Keats"]
[Result "1-0"]
[ECO "B50"]
[WhiteElo "2151"]
[BlackElo "1892"]
[Annotator "TA"]
[PlyCount "30"]
[EventDate "2024.12.23"]
[EventType "swiss"]
[EventCountry "ENG"]
[SourceTitle "playchess.com"]
[Source "ChessBase"]
[SourceQuality "1"]
[TimeControl "5400+30"]

1. e4 c5 2. Nf3 d6 3. c3 Nf6 4. Be2 Nc6 5. d4 cxd4 6. cxd4 d5 7. e5 Ne4 8. O-O Bg4 9. Be3 Qb6 (9... e6 $14) 10. Ne1 $16 Bxe2 11. Qxe2 a6 (11... h6 $16 {keeps fighting.}) 12. f3 $18 Nxd4 13. Qd3 (13. fxe4 $2 {is the wrong capture.} Nxe2+ 14. Kf2 Qxb2 $19) 13... Nxf3+ (13... e6 $142 14. Bxd4 (14. fxe4 Bc5 $18) 14... Bc5) 14. Rxf3 ({Less strong is} 14. gxf3 Nc5 15. Qc3 (15. Qxd5 Qxb2 16. Qxc5 Qxa1 $18) 15... Qg6+ 16. Kh1 Nd7 $18) (14. Nxf3 $142 Qb4 15. Qxd5) 14... Qxb2 $2 (14... Qc6 15. Nc3 e6) 15. Qxd5 Rd8 (15... Ng5 $142 16. Rf2 (16. Bxg5 e6 $18) 16... e6 (16... Qxa1 17. Bxg5 Qxb1 18. Qxf7+ Kd8 19. Rd2+ Kc7 20. Qc4+ Kb6 21. Be3+ Ka5 22. Rd5+ b5 23. Bd2+) 17. Rxb2 exd5 18. Bxg5 Bc5+ 19. Rf2 f6 20. exf6 O-O) 1-0

[Event "98th Caplin Hastings Masters 2024-25"]
[Site "Hastings"]
[Date "2025.01.01"]
[Round "7.34"]
[White "Hu, Junyan"]
[Black "Verbin, Valentina"]
[Result "0-1"]
[ECO "B80"]
[WhiteElo "1933"]
[BlackElo "2093"]
[Annotator "NA RC"]
[PlyCount "120"]
[EventDate "2024.12.23"]
[EventType "swiss"]
[EventCountry "ENG"]
[SourceTitle "playchess.com"]
[Source "ChessBase"]
[SourceQuality "1"]
[TimeControl "5400+30"]

1. e4 c5 2. Nf3 e6 3. g3 Nc6 4. Bg2 d6 5. d4 cxd4 6. Nxd4 Bd7 7. O-O Nf6 8. Nc3 a6 9. Be3 Be7 10. h3 O-O 11. g4 Nxd4 12. Bxd4 Bc6 13. e5 dxe5 14. Bxe5 Bxg2 15. Qxd8 Rfxd8 16. Kxg2 b5 17. Rad1 b4 18. Ne2 Ne4 19. f3 Nd2 20. Rfe1 Nc4 21. Bd4 e5 22. b3 exd4 23. bxc4 Bh4 24. Rf1 Rac8 25. Rxd4 Rxd4 26. Nxd4 Rxc4 27. Rd1 Bf6 28. Nb3 Rxc2+ 29. Rd2 Rxd2+ 30. Nxd2 a5 31. Kf2 a4 32. Ke2 b3 33. axb3 a3 34. b4 a2 35. Nb3 a1=Q 36. Nxa1 Bxa1 37. Kd3 Be5 38. Ke4 Bb8 39. Kd5 Kf8 40. Kc6 Ke7 41. b5 Kf6 42. Kb7 Be5 43. Kc8 Kg5 44. b6 Kf4 45. b7 Kxf3 46. b8=Q Bxb8 47. Kxb8 Kg3 48. Kc7 Kxh3 49. Kd7 Kxg4 50. Ke7 f5 51. Kf7 g5 52. Kg7 f4 53. Kxh7 f3 54. Kh6 f2 55. Kg6 f1=Q 56. Kh6 Qf6+ 57. Kh7 Kh5 58. Kg8 Qe7 59. Kh8 Kg6 60. Kg8 Qg7# 0-1

[Event "98th Caplin Hastings Masters 2024-25"]
[Site "Hastings"]
[Date "2025.01.01"]
[Round "7.35"]
[White "Byron, Alan M"]
[Black "Kim, Taewoo A"]
[Result "0-1"]
[ECO "D06"]
[WhiteElo "2069"]
[BlackElo "1863"]
[Annotator "NA RC"]
[PlyCount "60"]
[EventDate "2024.12.23"]
[EventType "swiss"]
[EventCountry "ENG"]
[SourceTitle "playchess.com"]
[Source "ChessBase"]
[SourceQuality "1"]
[TimeControl "5400+30"]

1. d4 d5 2. Nf3 Bf5 3. c4 e6 4. Nc3 Nf6 5. Qb3 Nc6 6. a3 Na5 7. Qa4+ c6 8. c5 Be7 9. Ne5 b5 10. Qd1 Rc8 11. b4 Nc4 12. Nxc4 bxc4 13. f3 O-O 14. Bf4 Nh5 15. Be3 Bg6 16. Bf2 e5 17. dxe5 f6 18. e4 Bf7 19. exf6 Bxf6 20. Rc1 a5 21. Be2 axb4 22. axb4 d4 23. Na4 d3 24. Bf1 Bg5 25. Rc3 d2+ 26. Ke2 Nf4+ 27. Ke3 Nxg2+ 28. Ke2 Nf4+ 29. Ke3 Nd3+ 30. Ke2 Nc1+ 0-1